 Dungeon Crawl Stone Soup version 0.22-a0-109-gbeb7240 (webtiles) character file.

62545 Gorice the Severer (level 15, -2/144 HPs)
             Began as a Hill Orc Gladiator on Jan 24, 2018.
             Was the Champion of Beogh.
             Slain by an orc sorcerer
             ... wielding a +0 dagger
              (4 damage)
             ... on level 2 of the Orcish Mines on Jan 26, 2018.
             The game lasted 01:52:07 (30047 turns).

Gorice the Severer (Hill Orc Gladiator)            Turns: 30047, Time: 01:52:08

Health: -2/144     AC: 18    Str: 24      XL:     15   Next: 6%
Magic:  19/19      EV:  9    Int:  7 (8)  God:    Beogh [******]
Gold:   2277       SH:  0    Dex: 15      Spells: 13/14 levels left

rFire    + + .     SeeInvis .   a - +0 battleaxe
rCold    . . .     Gourm    +   (shield currently unavailable)
rNeg     . . .     Faith    .   J - +3 chain mail {rF+}
rPois    +         Spirit   .   c - +0 helmet
rElec    .         Reflect  .   W - +1 cloak {rPois}
rCorr    .         Harm     .   e - +1 pair of gloves {Str+3}
MR       +....                  (no boots)
Stlth    ..........             E - amulet of the gourmand
HPRegen  0.34/turn              P - +4 ring of protection
MPRegen  0.16/turn              f - ring of protection from fire

@: corroded, drained
A: walk on water
a: Smiting, Recall Orcish Followers, Give Item to Named Follower, Resurrection,
Renounce Religion


You were on level 2 of the Orcish Mines.
You worshipped Beogh.
Beogh was exalted by your worship.
You were completely stuffed.

You visited 4 branches of the dungeon, and saw 21 of its levels.
You also visited: Labyrinth, Sewer and Bailey.

You collected 2497 gold pieces.
You spent 220 gold pieces at shops.

Inventory:

Hand Weapons
 a - a +0 battleaxe (weapon)
 b - a +2 hunting sling of flaming
   (You took it off Joseph on level 7 of the Dungeon)
 h - a +1 flail of protection
   (You took it off a gnoll on level 5 of the Dungeon)
 B - a +0 blowgun
Missiles
 n - 4 curare-tipped needles
 q - 9 tomahawks (quivered)
 H - 153 sling bullets
 V - 4 javelins of penetration
 Z - 3 throwing nets
Armour
 c - a +0 helmet (worn)
 e - a +1 pair of gloves of strength (worn)
   (You found it in a labyrinth)
 J - a +3 chain mail of fire resistance (worn)
   (You found it in a bailey)
 W - a +1 cloak of poison resistance (worn)
   (You found it on level 10 of the Dungeon)
Jewellery
 f - a ring of protection from fire (right hand)
 i - an uncursed ring of see invisible
 C - an uncursed ring of resist corrosion
 E - an amulet of the gourmand (around neck)
 F - an uncursed ring of flight
 P - a +4 ring of protection (left hand)
Wands
 g - a wand of paralysis (16)
 v - a wand of flame (26)
 w - a wand of acid (9)
 x - a wand of iceblast (11)
 N - a wand of disintegration (13)
Scrolls
 l - 5 scrolls of teleportation {!r}
 r - 7 scrolls of identify
 u - 7 scrolls of remove curse
 K - a scroll of blinking
 M - 3 scrolls of summoning {!r}
 S - 3 scrolls of magic mapping {!r}
Potions
 d - a potion of cancellation {!q}
 j - 14 potions of curing
 k - 4 potions of heal wounds {!q}
 o - 4 potions of ambrosia
 t - 3 potions of agility {!q}
 z - 3 potions of resistance {!q}
 A - a potion of berserk rage
 G - a potion of might {!q}
Books
 s - a book of the Sky
Miscellaneous
 L - a lightning rod (4/4) {!a}
 Q - a box of beasts
Comestibles
 m - 38 rations


   Skills:
 - Level 16.0(14.4) Fighting
 + Level 19.5(17.9) Axes
 - Level 1.7(0.7) Throwing
 + Level 15.2(13.7) Armour
 - Level 2.4(1.3) Dodging
 + Level 6.3(5.1) Invocations


You had 13 spell levels left.
You knew the following spells:

 Your Spells              Type           Power        Failure   Level  Hunger
A - Apportation           Tloc           #.....       90%         1    ##.....


Dungeon Overview and Level Annotations

Branches:
Dungeon (12/15)            Temple (1/1) D:4            Lair (6/6) D:10
 Shoals (0/4) Lair:4       Spider (0/4) Lair:3        Slime (0/5) Lair:5
    Orc (2/2) D:12
    Elf: Orc:2

Altars:
Ashenzari
Cheibriados
Dithmenos
Elyvilon
Fedhas
Gozag
Hepliaklqana
Kikubaaqudgha
Makhleb
Nemelex Xobeh
Okawaru
Qazlal
Ru
Sif Muna
Trog
Uskayaw
Vehumet
Wu Jian
Xom
Yredelemnul
Zin
The Shining One
Jiyva

Shops:
D:8 ?

Annotations:
Lair:6 exclusion: 4 oklob plants


Message History

The soul eater barely misses you.
Your orc wizard casts a spell at the soul eater.
The soul eater resists with almost no effort.
The neqoxec completely misses you. The soul eater hits you.
* * * LOW HITPOINT WARNING * * *
You feel drained.
The orc sorcerer hits you but does no damage.
The shadow imp shouts!
Your orc wizard mumbles some strange words.
Your orc wizard blinks!
The neqoxec gestures.
The orc high priest mumbles some strange prayers to Beogh.
The orc sorcerer gestures at you while chanting.
Helpless, you fail to dodge the bolt of fire.
You resist.
* * * LOW HITPOINT WARNING * * *
The orc knight hits you with a long sword!
* * * LOW HITPOINT WARNING * * *
The soul eater hits you!
* * * LOW HITPOINT WARNING * * *
The neqoxec hits you but does no damage.
The orc sorcerer hits you but does no damage.
The soul eater hits you.
* * * LOW HITPOINT WARNING * * *
You can move again.
Unknown command.
Unknown command.
Damage: 37 (max 37) Unknown command.
Unknown command.
Unknown command.
Unknown command.
You hit the orc sorcerer but do no damage.
The orc sorcerer is severely wounded.
You slash the neqoxec! You slash the soul eater!
You closely miss the orc knight.
The orc knight hits you with a long sword.
* * * LOW HITPOINT WARNING * * *
The neqoxec barely misses you.
The orc high priest mumbles some strange prayers to Beogh against you.
Beogh smites you!
* * * LOW HITPOINT WARNING * * *
You hit the orc sorcerer.
The orc sorcerer is almost dead.
You barely miss the orc knight.
You hit the soul eater but do no damage.
You closely miss the neqoxec. The soul eater completely misses you.
The orc sorcerer hits you with a dagger.
You die...
Beogh appreciates the orc sorcerer's killing of a heretic priest.

#.....#........#
##.####....#.....# ##
##..####..... ##.#....##
##... #......5.######. ###
##.#.##4#.##.# ###.#
##...##o..#.## #.... ..
##.##oo35...# ##.... ...
#....3@....#######.o.o.
....##<.............#..oo..o
....#...)..o.......o#.o...o#
........)†..........oooo)o##
.........)....#...........##
#............###..........##
#...........#####.........###
##.....<....###.#........##.#
............#.......#.......


You could see an orc knight, a soul eater, an orc high priest, a hellwing, a
neqoxec, an orc sorcerer, an iron imp, a shadow imp and a friendly orc wizard.

Vanquished Creatures
  Rupert (D:12)
  Gastronok (Lair:3)
  An orc warlord (Orc:2)
  Snorg (Lair:3)
  A minotaur (Lab)
  A fire dragon (Lair:6)
  Harold (Lair:4)
  A hydra (Lair:6)
  A catoblepas (Lair:3)
  Erica (Lair:1)
  Urug (Lair:3)
  7 two-headed ogres
  The ghost of shinji the Cleaver, a novice HuWn of Nemelex Xobeh (D:9)
  An unseen horror (D:9)
  A swamp dragon (Lair:6)
  3 elephants
  A wolf spider (Lair:6)
  2 cyclopes
  2 ugly things (D:12)
  2 slime creatures (D:12)
  An orc sorcerer (Orc:2)
  A salamander (Lair:5)
  A guardian serpent (Lair:6)
  4 black mambas
  Joseph (D:7)
  2 centaur zombies
  Psyche (D:9)
  19 spiny frogs
  4 rime drakes
  5 komodo dragons
  4 trolls
  3 jumping spiders (Lair:3)
  A polar bear (Lair:5)
  2 hornets
  18 blink frogs
  The ghost of mortelune the Chiller, an amateur BaIE (D:4)
  6 hippogriffs
  3 dream sheep (Lair:6)
  3 redbacks
  26 yaks
  A water elemental (D:11)
  10 wyverns
  Grum (D:8)
  5 steam dragons
  6 basilisks
  A hungry ghost (D:9)
  A warg (Orc:2)
  18 water moccasins
  9 swamp worms
  12 porcupines
  Duvessa (D:7)
  2 ice beasts
  A swamp drake (Lair:6)
  9 orc warriors
  A black bear (D:10)
  2 sky beasts
  7 necrophages (D:11)
  8 ogres
  8 centaurs
  4 wolves (D:8)
  8 crocodiles
  15 gnoll sergeants
  8 big kobolds
  9 bullfrogs
  Dowan (D:7)
  2 scorpions
  4 killer bees (D:7)
  4 wights
  6 electric eels
  4 howler monkeys
  7 crimson imps
  3 bullfrog zombies
  9 hounds
  Crazy Yiuf (D:3)
  7 gnoll shamans
  4 jellies
  An orc priest (D:9)
  2 centaur skeletons
  6 iguanas
  13 orc wizards
  7 worker ants
  A hound zombie (D:11)
  A hound skeleton (D:8)
  4 worker ant zombies
  Robin (D:3)
  16 adders
  41 gnolls
  4 river rats
  2 shadow imps
  13 oozes
  15 worms
  2 dart slugs (D:1)
  8 leopard geckos
  23 orcs
  6 giant cockroaches
  20 goblins
  12 hobgoblins
  15 jackals
  5 quokkas
  6 ball pythons
  5 bats
  7 frilled lizards
  2 jackal skeletons
  15 kobolds
  A leopard gecko zombie (D:5)
  A quokka skeleton (D:9)
  20 rats
  A fungus (Lair:6)
  8 plants
620 creatures vanquished.

Vanquished Creatures (collateral kills)
  A stone giant (D:12)
  A catoblepas (Lair:6)
  Sonja (D:12)
  An orc knight (Orc:2)
  2 black mambas (Lair:6)
  3 spiny frogs (Lair:6)
  A troll (Orc:2)
  A hornet (Lair:6)
  A dream sheep (Lair:6)
  4 blink frogs (Lair:6)
  A slime creature (D:12)
  A water elemental (D:11)
  A wyvern (Lair:6)
  5 water moccasins
  A porcupine (Lair:5)
  4 orc warriors (Orc:2)
  A crocodile (Lair:6)
  A big kobold (D:12)
  A bullfrog (Lair:5)
  An orc priest (Orc:2)
  A worker ant zombie (D:11)
  An adder (D:11)
  2 plants
37 creatures vanquished.

Vanquished Creatures (others)
  An orc high priest (Lair:6)
  3 orc knights
  2 orc sorcerers (Orc:2)
  7 orc warriors
  8 orc wizards
  8 orc priests
  16 orcs
  A bush (Lair:6)
  20 fungi
  57 plants
123 creatures vanquished.

Grand Total: 780 creatures vanquished

Notes
Turn   | Place    | Note
-------+----------+-------------------------------------------
     0 | D:1      | Gorice the Hill Orc Gladiator began the quest for the Orb.
     0 | D:1      | Reached XP level 1. HP: 18/18 MP: 1/1
    50 | D:1      | Reached XP level 2. HP: 17/25 MP: 2/2
    68 | D:1      | Reached skill level 5 in Axes
   526 | D:1      | Reached XP level 3. HP: 24/30 MP: 3/3
   831 | D:1      | Reached skill level 6 in Axes
  1166 | D:2      | Reached XP level 4. HP: 29/37 MP: 4/4
  1438 | D:2      | Reached skill level 7 in Axes
  1782 | D:2      | Reached XP level 5. HP: 26/42 MP: 5/5
  2508 | D:3      | Found a deep blue altar of Sif Muna.
  2544 | D:3      | Reached skill level 8 in Axes
  2661 | D:3      | Noticed Robin
  2668 | D:3      | Killed Robin
  2940 | D:3      | Found a glowing drain.
  2946 | D:3      | Reached XP level 6. HP: 42/50 MP: 6/6
  2959 | Sewer    | Entered a sewer
  2991 | Sewer    | HP: 12/50 [big kobold/short sword (6)]
  2994 | Sewer    | Reached skill level 9 in Axes
  3456 | Sewer    | Reached skill level 3 in Fighting
  3456 | Sewer    | Reached XP level 7. HP: 49/57 MP: 7/7
  3552 | Sewer    | Reached skill level 10 in Axes
  4136 | D:3      | Reached skill level 4 in Fighting
  4452 | D:3      | Found a runed door.
  4456 | D:3      | Noticed Crazy Yiuf
  4466 | D:3      | Killed Crazy Yiuf
  4873 | D:4      | Reached skill level 1 in Armour
  4908 | D:4      | Found a staircase to the Ecumenical Temple.
  4918 | Temple   | Entered the Ecumenical Temple
  4999 | D:4      | Noticed mortelune's ghost (amateur BaIE)
  5008 | D:4      | Killed mortelune's ghost
  5008 | D:4      | Reached skill level 2 in Armour
  5008 | D:4      | Reached XP level 8. HP: 60/67 MP: 8/8
  5039 | D:4      | Upgraded the game from 0.22-a0-93-g6b88ebb to 0.22-a0-99-g1ac4c55
  5196 | D:4      | Found a glowing golden altar of the Shining One.
  5202 | D:4      | Found a radiant altar of Vehumet.
  5205 | D:4      | Found an opulent altar of Gozag.
  5213 | D:4      | Found an ancient bone altar of Kikubaaqudgha.
  5222 | D:4      | Found a sparkling altar of Nemelex Xobeh.
  5228 | D:4      | Found a basalt altar of Yredelemnul.
  5235 | D:4      | Found a shadowy altar of Dithmenos.
  5365 | D:5      | Entered Level 5 of the Dungeon
  5402 | D:4      | Reached skill level 5 in Fighting
  5497 | D:5      | Reached skill level 3 in Armour
  5500 | D:5      | Reached skill level 11 in Axes
  5528 | D:5      | Found a white marble altar of Elyvilon.
  5610 | D:5      | Found a blossoming altar of Fedhas.
  5816 | D:5      | Found an ornate altar of the Wu Jian Council.
  6119 | D:4      | Reached skill level 6 in Fighting
  6119 | D:4      | Reached skill level 4 in Armour
  6125 | D:4      | HP: 20/70 [poisoned by a gnoll sergeant]
  6130 | D:4      | HP: 14/70 [poisoned by a gnoll sergeant]
  6135 | D:4      | HP: 10/70 [poisoned by a gnoll sergeant]
  6140 | D:4      | HP: 8/70 [poisoned by a gnoll sergeant]
  6145 | D:4      | HP: 6/70 [poisoned by a gnoll sergeant]
  6151 | D:4      | HP: 5/70 [poisoned by a gnoll sergeant]
  6159 | D:4      | HP: 5/70 [poisoned by a gnoll sergeant]
  6839 | D:6      | Reached XP level 9. HP: 75/78 MP: 9/9
  7002 | D:6      | Reached skill level 5 in Armour
  7333 | D:6      | Reached skill level 7 in Fighting
  7530 | D:7      | Reached skill level 12 in Axes
  7788 | D:7      | Reached skill level 6 in Armour
  7846 | D:7      | Reached skill level 8 in Fighting
  7947 | D:7      | HP: 24/81 [poisoned by a killer bee]
  7954 | D:7      | HP: 24/81 [poisoned by a killer bee]
  7962 | D:7      | HP: 24/81 [poisoned by a killer bee]
  8448 | D:7      | Noticed Joseph
  8481 | D:7      | Killed Joseph
  8712 | D:7      | Noticed Duvessa
  8712 | D:7      | Noticed Dowan
  8743 | D:7      | Killed Duvessa
  8743 | D:7      | Reached skill level 7 in Armour
  8748 | D:7      | Killed Dowan
  8748 | D:7      | Reached XP level 10. HP: 32/90 MP: 10/10
  8760 | D:7      | HP: 27/90 [poisoned by Duvessa]
  8767 | D:6      | HP: 27/90 [poisoned by Duvessa]
  8775 | D:6      | HP: 27/90 [poisoned by Duvessa]
  9182 | D:8      | Reached skill level 13 in Axes
  9185 | D:8      | Reached skill level 9 in Fighting
  9261 | D:8      | Found a flagged portal.
  9287 | Bailey   | Entered a bailey
  9558 | Bailey   | HP: 20/91 [gnoll shaman/halberd (10)]
 10324 | D:8      | Found Itisop's Magic Scroll Emporium.
 10333 | D:8      | Bought a scroll of blinking for 97 gold pieces
 10333 | D:8      | Bought a scroll of summoning for 123 gold pieces
 10521 | D:7      | Reached skill level 8 in Armour
 10651 | D:8      | Noticed Grum
 10659 | D:8      | Killed Grum
 10736 | D:8      | Identified the +3 scale mail "Unemups" {rElec rPois Int-2 Dex+8} (You found it on level 8 of the Dungeon)
 10872 | D:8      | Reached skill level 10 in Fighting
 10878 | D:8      | Found a deep blue altar of Sif Muna.
 11356 | D:9      | Noticed a two-headed ogre
 11368 | D:8      | Killed a two-headed ogre
 11368 | D:8      | Reached skill level 14 in Axes
 11413 | D:9      | Noticed shinji's ghost (novice HuWn)
 11419 | D:9      | Became a worshipper of Beogh the Brigand
 11460 | D:9      | Reached skill level 9 in Armour
 11469 | D:9      | Killed shinji's ghost
 11469 | D:9      | Reached XP level 11. HP: 65/101 MP: 11/11
 11684 | D:9      | Noticed Psyche
 11689 | D:9      | Killed Psyche
 11689 | D:9      | Reached skill level 11 in Fighting
 11879 | D:9      | Noticed a two-headed ogre
 11901 | D:9      | Killed a two-headed ogre
 11901 | D:9      | Reached * piety under Beogh
 12243 | D:9      | Noticed a two-headed ogre
 12260 | D:9      | Killed a two-headed ogre
 12499 | D:9      | Identified a scroll of acquirement
 12550 | D:9      | Learned a level 1 spell: Apportation
 12552 | D:10     | Entered Level 10 of the Dungeon
 12567 | D:9      | Killed an unseen horror
 12567 | D:9      | Reached skill level 10 in Armour
 12695 | D:10     | Reached skill level 15 in Axes
 13146 | D:9      | HP: 27/104 [swamp worm (17)]
 13802 | D:9      | Reached ** piety under Beogh
 13877 | D:10     | HP: 28/104 [swamp worm (9)]
 14264 | D:10     | Reached skill level 12 in Fighting
 14928 | D:10     | Found a staircase to the Lair.
 15371 | Lair:1   | Entered Level 1 of the Lair of Beasts
 15372 | Lair:1   | Reached XP level 12. HP: 112/112 MP: 12/12
 15579 | Lair:1   | Reached skill level 11 in Armour
 16083 | Lair:1   | Noticed Erica
 16096 | Lair:1   | Killed Erica
 16352 | Lair:2   | Reached skill level 16 in Axes
 16597 | Lair:2   | Reached skill level 13 in Fighting
 17642 | Lair:3   | Found a labyrinth entrance.
 17651 | Lair:3   | Noticed Gastronok
 17651 | Lair:3   | Reached *** piety under Beogh
 17854 | Lair:3   | Reached skill level 12 in Armour
 17866 | Lair:3   | Killed Gastronok
 17886 | Lab      | Entered a labyrinth
 18165 | Lab      | Noticed a minotaur
 18172 | Lab      | Killed a minotaur
 18175 | Lab      | Got an ancient broad axe
 18188 | Lab      | Identified the cursed +0 broad axe of the Morning {chop, rN+ Int+3} (You found it in a labyrinth)
 18241 | Lair:3   | Noticed Urug
 18260 | Lair:3   | Killed Urug
 18260 | Lair:3   | Reached XP level 13. HP: 83/123 MP: 13/13
 18310 | Lair:3   | Reached skill level 14 in Fighting
 18310 | Lair:3   | Reached skill level 17 in Axes
 19236 | Lair:3   | Found an opulent altar of Gozag.
 19253 | Lair:3   | Noticed Snorg
 19848 | Lair:3   | Found a hole to the Spider Nest.
 20805 | Lair:4   | Reached skill level 13 in Armour
 21202 | Lair:4   | Gained Garbold as an ally
 21428 | Lair:4   | Found a staircase to the Shoals.
 21497 | Lair:4   | Noticed Harold
 21512 | Lair:4   | Killed Harold
 21789 | Lair:5   | Reached **** piety under Beogh
 21822 | Lair:5   | Found a glowing golden altar of the Shining One.
 22301 | Lair:5   | Found a viscous altar of Jiyva.
 22302 | Lair:5   | Found a staircase to the Slime Pits.
 22465 | Lair:6   | Entered Level 6 of the Lair of Beasts
 22723 | Lair:6   | Reached skill level 15 in Fighting
 22795 | Lair:6   | Reached skill level 18 in Axes
 22896 | Lair:6   | Reached ***** piety under Beogh
 22937 | Lair:6   | Reached XP level 14. HP: 42/135 MP: 14/14
 22960 | Lair:6   | HP: 40/135 [spiny frog (9)]
 22962 | Lair:6   | HP: 7/135 [spiny frog (18)]
 23440 | Lair:6   | Reached skill level 14 in Armour
 23597 | Lair:6   | Your ally Garbold died
 24083 | Lair:5   | HP: 37/135 [five-headed hydra (10)]
 24084 | Lair:5   | HP: 18/135 [five-headed hydra (11)]
 26189 | Lair:6   | Reached skill level 16 in Fighting
 26511 | Lair:3   | Killed Snorg
 26511 | Lair:3   | Reached skill level 1 in Invocations
 26662 | D:11     | Reached skill level 2 in Invocations
 26923 | D:11     | Reached skill level 19 in Axes
 27234 | D:11     | Reached skill level 3 in Invocations
 27788 | D:12     | Noticed Rupert
 27789 | D:12     | Paralysed by Rupert for 4 turns
 27800 | D:12     | Killed Rupert
 27800 | D:12     | Reached skill level 4 in Invocations
 27890 | D:12     | Noticed Sonja
 27895 | D:12     | Gained Norbak as an ally
 27898 | D:12     | HP: 32/137 [large slime creature (24)]
 27921 | D:12     | Killed Sonja
 27952 | D:11     | Your ally Norbak died
 28295 | D:12     | Reached skill level 5 in Invocations
 28630 | D:12     | Reached skill level 15 in Armour
 28755 | D:12     | Reached ****** piety under Beogh
 28785 | D:12     | Upgraded the game from 0.22-a0-99-g1ac4c55 to 0.22-a0-109-gbeb7240
 28800 | D:12     | Found a staircase to the Orcish Mines.
 28935 | Orc:1    | Entered Level 1 of the Orcish Mines
 28939 | Orc:1    | Noticed a stone giant
 29438 | D:12     | Killed a stone giant
 29695 | Orc:1    | Reached XP level 15. HP: 115/144 MP: 19/19
 29860 | Orc:2    | Entered Level 2 of the Orcish Mines
 29994 | Orc:2    | Noticed an orc warlord
 29999 | Orc:2    | Reached skill level 6 in Invocations
 30001 | Orc:2    | Gained Orkrul as an ally
 30009 | Orc:2    | Killed an orc warlord
 30018 | Orc:2    | Your ally Orkrul died
 30041 | Orc:2    | Paralysed by an orc sorcerer for 4 turns
 30044 | Orc:2    | HP: 38/144 [orc sorcerer/bolt of fire (8)]
 30046 | Orc:2    | HP: 15/144 [orc knight/long sword (5)]
 30046 | Orc:2    | HP: 2/144 [orc high priest/divine providence (13)]
 30047 | Orc:2    | Slain by an orc sorcerer

Vault maps used:
D:1:      dpeg_arrival_central, minivault_25
D:2:      first_ration
D:3:      marbit_many_paths, portal_sewer_entry_e, grunt_ministairs_7,
          guppyfry_early_orc_mine, uniq_crazy_yiuf_cottage, uniq_robin
D:4:      grunt_temple_overflow_octagram, minmay_temple_entry_large_hall
D:5:      elyvilon_altar_5, kennysheep_mini, basic_altar, lightli_minifort
D:7:      uniq_duvessa, uniq_joseph
D:8:      kennysheep_orc_sif_temple, serial_shops, shop, enter_bailey_3,
          hangedman_little_slice_of_home, minivault_24, uniq_grum
D:9:      billiards_dpeg, uniq_psyche
D:10:     erik_lair_dragon, worms_lemuel
D:11:     serial_undead, serial_undead_d, serial_undead_e, serial_undead_c,
          serial_undead_f, serial_undead_a, serial_undead_d, serial_undead_d
D:12:     kennysheep_orc_monster_closet_entryway, kennysheep_generic_room_11,
          uniq_rupert, uniq_sonja
Temple:   nicolae_temple_x_marks_the_god
Lair:1:   uniq_erica
Lair:2:   statuecave_lemuel, grunt_megastairs_5
Lair:3:   spider_nest_entry_funnel_web, basic_altar, lab_entry_generic,
          fungi_pond_lemuel, uniq_gastronok, uniq_urug, uniq_snorg
Lair:4:   minmay_shoals_entry_centaurs, nicolae_quartered_pool_super,
          uniq_harold
Lair:5:   dpeg_slime_entry_enclosed_altar, basic_altar
Lair:6:   hangedman_lair_tendril_chambers, guppyfry_lair_end_dragon,
          minivault_24, minmay_lair_oklob_chamber
Orc:1:    uniq_maurice
Orc:2:    grunt_orc_cross
Sewer:    sewer_co_tree
Bailey:   bailey_polearm_gnolls_kennysheep, bailey

Skill      XL: |  1  2  3  4  5  6  7  8  9 10 11 12 13 14 15 |
---------------+----------------------------------------------+-----
Axes           | 5 6 7 8 9 10 11 12 14 15 16 18 19 | 19.5
Fighting       | 3 4 6 8 10 12 13 15 16 | 16.0
Armour         | 2 4 7 9 10 12 13 15 | 15.2
Invocations    | 5 6 |  6.3
Throwing       | |  1.7
Dodging        | |  2.4

Action                   |  1- 3 |  4- 6 |  7- 9 | 10-12 | 13-15 || total
-------------------------+-------+-------+-------+-------+-------++-------
Melee: War axe           |   103 |   189 |   444 |   513 |       ||  1249
       Battleaxe         |       |       |       |   369 |   463 ||   832
       Broad axe         |       |       |       |    24 |   396 ||   420
       Flail             |       |       |       |       |    10 ||    10
 Fire: Hunting sling     |       |       |     1 |     7 |       ||     8
Throw: Stone             |       |     7 |     4 |     1 |       ||    12
       Throwing net      |       |     1 |     2 |     2 |     4 ||     9
       Tomahawk          |       |       |       |     3 |     5 ||     8
       Javelin           |       |       |       |       |     1 ||     1
Invok: Convert to Beogh  |       |       |       |     1 |       ||     1
       Smiting           |       |       |       |       |     2 ||     2
       Recall Orcish Fol |       |       |       |       |     2 ||     2
 Abil: Evoke Flight      |       |       |       |       |     1 ||     1
Evoke: Wand              |       |     1 |     8 |     4 |     6 ||    19
  Use: Scroll            |     5 |     6 |    10 |    11 |     6 ||    38
       Potion            |       |       |     1 |     4 |     2 ||     7
 Stab: Paralysed         |       |     2 |     8 |     2 |     4 ||    16
       Held in net/web   |       |       |       |     1 |     3 ||     4
       Distracted        |       |       |       |       |     9 ||     9
  Eat: Chunk             |     1 |     8 |    29 |    39 |    37 ||   114
Armor: Leather armour    |    23 |    44 |     7 |       |       ||    74
       Scale mail        |       |       |   179 |    17 |       ||   196
       Chain mail        |       |       |       |   496 |   502 ||   998
Dodge: Dodged            |    69 |   125 |   187 |   303 |   366 ||  1050
Block: Buckler           |       |       |    48 |   111 |       ||   159

Table legend:
 A = Spawn XP
 B = Non-spawn XP
 C = Spawn XP percentage of total XP
 D = Spawn monster count
 E = Non-spawn monster count
 F = Spawn count percentage of total count
 G = Total turns spent on level
                    A         B        C        D         E        F      G
               +---------+---------+-------+---------+---------+-------+---------
         Total |       0 |   89351 |   0.0 |       0 |     646 |   0.0 | 30047
               +---------+---------+-------+---------+---------+-------+---------
           D:1 |       0 |      82 |   0.0 |       0 |      36 |   0.0 |  1120
           D:2 |       0 |     128 |   0.0 |       0 |      27 |   0.0 |  1361
           D:3 |       0 |     182 |   0.0 |       0 |      46 |   0.0 |  1235
           D:4 |       0 |     586 |   0.0 |       0 |      17 |   0.0 |  1247
           D:5 |       0 |     522 |   0.0 |       0 |      23 |   0.0 |   692
           D:6 |       0 |     625 |   0.0 |       0 |      16 |   0.0 |   954
           D:7 |       0 |    2274 |   0.0 |       0 |      30 |   0.0 |  1624
           D:8 |       0 |    2380 |   0.0 |       0 |      35 |   0.0 |  1055
           D:9 |       0 |    5817 |   0.0 |       0 |      34 |   0.0 |  1940
          D:10 |       0 |    3909 |   0.0 |       0 |      43 |   0.0 |  2133
          D:11 |       0 |    5039 |   0.0 |       0 |      36 |   0.0 |  1511
          D:12 |       0 |   10240 |   0.0 |       0 |      33 |   0.0 |  1489
        Lair:1 |       0 |    2700 |   0.0 |       0 |      12 |   0.0 |  1196
        Lair:2 |       0 |    5482 |   0.0 |       0 |      27 |   0.0 |  1488
        Lair:3 |       0 |   11849 |   0.0 |       0 |      30 |   0.0 |  2192
        Lair:4 |       0 |    5819 |   0.0 |       0 |      25 |   0.0 |  1877
        Lair:5 |       0 |    4468 |   0.0 |       0 |      18 |   0.0 |  1838
        Lair:6 |       0 |   21295 |   0.0 |       0 |      81 |   0.0 |  2297
         Orc:1 |       0 |     747 |   0.0 |       0 |       4 |   0.0 |   221
         Orc:2 |       0 |    2412 |   0.0 |       0 |      14 |   0.0 |   187
           Lab |       0 |    1051 |   0.0 |       0 |       1 |   0.0 |   310
         Sewer |       0 |     524 |   0.0 |       0 |      28 |   0.0 |  1018
        Bailey |       0 |    1220 |   0.0 |       0 |      30 |   0.0 |  1002
               +---------+---------+-------+---------+---------+-------+---------

Table legend:
 A = Turns spent in this place as a percentage of turns spent in the entire game.
 B = Non-inter-level travel turns spent in this place as a percentage of non-inter-level travel turns spent in the entire game.
 C = Inter-level travel turns spent in this place as a percentage of turns spent in this place.
 D = Turns resting spent in this place as a percentage of non-inter-level travel turns spent in this place.
 E = Turns spent auto-exploring this place as a percentage of non-inter-level travel turns spent in this place.
 F = Non-inter-level travel turns spent in this place divided by the number of levels of this place that you've seen.
                   A       B       C       D       E      F
               +-------+-------+-------+-------+-------+----------------------
         Total | 100.0 | 100.0 |   5.1 |  36.7 |  32.3 | 1188.3
       Dungeon |  54.5 |  54.8 |   4.4 |  35.1 |  35.4 | 1303.4
        Temple |   0.2 |   0.2 |  11.7 |   0.0 |  96.2 |  53.0
          Lair |  36.2 |  35.4 |   7.2 |  41.9 |  30.5 | 1683.5
  Orcish Mines |   1.4 |   1.4 |   3.2 |   0.5 |  51.4 | 197.5
     Labyrinth |   1.0 |   1.1 |   0.0 |   0.0 |   0.0 | 310.0
         Sewer |   3.4 |   3.6 |   0.0 |  37.4 |  18.5 | 1018.0
        Bailey |   3.3 |   3.5 |   0.0 |  37.3 |  14.2 | 1002.0
               +-------+-------+-------+-------+-------+----------------------

Vault maps used:
D:1:      dpeg_arrival_central, minivault_25
D:2:      first_ration
D:3:      marbit_many_paths, portal_sewer_entry_e, grunt_ministairs_7,
          guppyfry_early_orc_mine, uniq_crazy_yiuf_cottage, uniq_robin
D:4:      grunt_temple_overflow_octagram, minmay_temple_entry_large_hall
D:5:      elyvilon_altar_5, kennysheep_mini, basic_altar, lightli_minifort
D:7:      uniq_duvessa, uniq_joseph
D:8:      kennysheep_orc_sif_temple, serial_shops, shop, enter_bailey_3,
          hangedman_little_slice_of_home, minivault_24, uniq_grum
D:9:      billiards_dpeg, uniq_psyche
D:10:     erik_lair_dragon, worms_lemuel
D:11:     serial_undead, serial_undead_d, serial_undead_e, serial_undead_c,
          serial_undead_f, serial_undead_a, serial_undead_d, serial_undead_d
D:12:     kennysheep_orc_monster_closet_entryway, kennysheep_generic_room_11,
          uniq_rupert, uniq_sonja
Temple:   nicolae_temple_x_marks_the_god
Lair:1:   uniq_erica
Lair:2:   statuecave_lemuel, grunt_megastairs_5
Lair:3:   spider_nest_entry_funnel_web, basic_altar, lab_entry_generic,
          fungi_pond_lemuel, uniq_gastronok, uniq_urug, uniq_snorg
Lair:4:   minmay_shoals_entry_centaurs, nicolae_quartered_pool_super,
          uniq_harold
Lair:5:   dpeg_slime_entry_enclosed_altar, basic_altar
Lair:6:   hangedman_lair_tendril_chambers, guppyfry_lair_end_dragon,
          minivault_24, minmay_lair_oklob_chamber
Orc:1:    uniq_maurice
Orc:2:    grunt_orc_cross
Sewer:    sewer_co_tree
Bailey:   bailey_polearm_gnolls_kennysheep, bailey
